 Dungeon Crawl Stone Soup version 0.30-a0-371-gad7725a93e (webtiles) character file.

Game seed: 70958281466990333

51 Shayle the Chopper (level 3, 0/33 HPs)
             Began as a Naga Reaver on Nov 21, 2022.
             Slain by an ufetubus (3 damage)
             ... on level 4 of the Dungeon.
             The game lasted 00:04:44 (1621 turns).

Shayle the Chopper (Naga Reaver)                    Turns: 1621, Time: 00:04:45

Health: 0/33       AC:  2    Str: 14    XL:     3   Next: 83%
Magic:  6/6        EV:  9    Int: 15    God:
Gold:   149        SH:  0    Dex:  9    Spells: 2/6 levels left

rFire   . . .      SeeInvis +    a - +1 hand axe
rCold   . . .      Faith    .    (no shield)
rNeg    . . .      Spirit   .    b - +0 leather armour
rPois   +          Reflect  .    (no helmet)
rElec   .          Harm     .    (no cloak)
rCorr   .          Rampage  .    (no gloves)
Will    .....                    (no barding)
Stlth   +.........               (no amulet)
HPRegen 0.25/turn                (no ring)
MPRegen 0.10/turn                (no ring)

@: very slow
A: AC +1, large, see invisible, deformed body, poison resistance, slowness 2,
spit poison 1, naga tail 1
a: Spit Poison


You were on level 4 of the Dungeon.
You visited 1 branch of the dungeon, and saw 4 of its levels.

You collected 149 gold pieces.

Inventory:

Hand Weapons
 a - a +1 hand axe (weapon)
Armour
 b - a +0 leather armour (worn)
Scrolls
 f - a scroll of enchant armour {unknown}
 i - a scroll of butterflies {unknown}
Potions
 c - a potion of haste {unknown}
 d - 2 potions of attraction
 e - 3 potions of curing
 g - a potion of invisibility {unknown}
 h - a potion of degeneration {unknown}
 j - a potion of flight {unknown}
 k - a potion of lignification {unknown}


   Skills:
 + Level 2.8 Fighting
 - Level 3.5 Axes
 + Level 2.2 Dodging
 + Level 2.0 Spellcasting
 - Level 3.0 Conjurations


You had 2 spell levels left.
You knew the following spells:

 Your Spells              Type           Power      Damage    Failure   Level
a - Kiss of Death         Conj/Necr      24%        2d7       16%         1
b - Hailstorm             Conj/Ice       6%         3d4       41%         3

Your spell library contained the following spells:

 Spells                   Type           Power      Damage    Failure   Level
 Momentum Strike          Conj/Tloc      12%        3d8       22%         2
 Sandblast                Erth           2%         2d4       28%         1
 Passwall                 Tmut/Erth      0%         N/A       38%         2
 Stone Arrow              Conj/Erth      12%        3d7       41%         3


Dungeon Overview and Level Annotations

Branches:
Dungeon (4/15)
 Temple: D:4-7

Altars:

Annotations:
D:3 Robin


Innate Abilities, Weirdness & Mutations

Your serpentine skin is tough. (AC +1)
You have supernaturally acute eyesight. (SInv)
Armour fits poorly on your strangely shaped body.
Your system is resistant to poisons. (rPois)
You cover ground very slowly.
You can spit poison.
You have a snake-like lower body.


Message History

The goblin attacks as you move away!
The goblin hits you with a +0 dagger. x2
The goblin attacks as you move away! The goblin completely misses you.
There is a stone staircase leading down here.
You climb downwards.
You hear the sound of rushing water.
There is an entrance to a sewer on this level.
Hurry and find it before the portal rusts away!
Found a stone staircase leading down.
There is a stone staircase leading up here.
You hit the goblin.
You kill the goblin!
You start resting.
HP restored.
You start waiting.
You hear the slow rusting of a very distant drain.
You see here a +0 dagger.
Found a stone staircase leading down.
An ufetubus comes into view.
The ufetubus shouts!
You miss the ufetubus. The ufetubus hits you. x3
The ufetubus barely misses you.
You hit the ufetubus.
The ufetubus is moderately wounded.
The ufetubus closely misses you. The ufetubus hits you.
The ufetubus closely misses you. The ufetubus hits you.
You hit the ufetubus but do no damage.
The ufetubus is moderately wounded.
The ufetubus hits you. The ufetubus closely misses you.
You miss the ufetubus.
The ufetubus is moderately wounded.
The ufetubus hits you. x4
You completely miss the ufetubus.
The ufetubus is moderately wounded.
The ufetubus hits you.
* * * LOW HITPOINT WARNING * * *
The ufetubus hits you.
* * * LOW HITPOINT WARNING * * *
You closely miss the ufetubus.
The ufetubus is moderately wounded.
The ufetubus hits you.
You die...

..~~~~♣##.# #.#
#P.~~~.##.# #.#
#♣..P.P##.# #.#
##......##.###.###.#
.........#.........#
#.........####...###
.....>....+ .....#
#......5..# #...##
#......@.## #..##
#.#.....## #.##
##...## ... ##+# ..


You could see an ufetubus.

Vanquished Creatures
  An adder (D:2)
  A worm (D:2)
  4 bats
  7 endoplasms (D:1)
  A giant cockroach (D:3)
  4 goblins
  4 hobgoblins
  A kobold (D:1)
  6 ball pythons
  4 frilled lizards
  6 rats
39 creatures vanquished.

Notes
Turn   | Place    | Note
-------+----------+-------------------------------------------
     0 | D:1      | Shayle the Naga Reaver began the quest for the Orb.
     0 | D:1      | Reached XP level 1. HP: 19/19 MP: 3/3
    97 | D:1      | Reached XP level 2. HP: 14/26 MP: 5/5
   434 | D:1      | Reached XP level 3. HP: 33/33 MP: 6/6
   586 | D:2      | Found a faded altar of an unknown god.
   993 | D:2      | Learned a level 3 spell: Hailstorm
  1544 | D:3      | Noticed Robin
  1621 | D:4      | Slain by an ufetubus

Illustrated notes

Levels and vault maps discovered:
D:1:      onia_arrival_handbag, layout_rooms
D:2:      layout_loops_ring, nicolae_ecumenical_pavilion
D:3:      layout_loops_ring, old_standard_altar, uniq_grinder, uniq_robin
D:4:      layout_loops_corners, kennysheep_little_box,
          kennysheep_okawaru_gauntlet, gup_sewer_entry_spiral, serial_demonic,
          serial_demonic_f, serial_demonic_a, serial_demonic_b,
          serial_demonic_f, serial_demonic_c, serial_shops, shop

Skill      XL: |  1  2 |
---------------+-------+-----
Dodging        | 2 |  2.2
Fighting       | |  2.8
Axes           | |  3.5
Spellcasting   | |  2.0
Conjurations   | |  3.0

Action                   || total
-------------------------++-------
Melee: Hand axe          ||   110
       Punch             ||     1
 Abil: Spit Poison       ||    20
  Use: Scroll            ||     7
Armor: Leather armour    ||    24
Dodge: Dodged            ||    57

Table legend: (Time is in decaauts)
 A = Elapsed time spent in this place.
 B = Non-inter-level travel time spent in this place.
 C = Inter-level travel time spent in this place.
 D = Time resting spent in this place.
 E = Time spent auto-exploring this place.
 F = Levels seen in this place.
 G = Mean time per level.
                   A        B        C        D        E       F      G
               +--------+--------+--------+--------+--------+-----+--------+
         Total |   2080 |   2011 |     69 |    140 |   1412 |   4 |  520.0 |
       Dungeon |   2080 |   2011 |     69 |    140 |   1412 |   4 |  520.0 |
               +--------+--------+--------+--------+--------+-----+--------+

Top non-repeatable levels by time:
     D:2: 965 daAuts
     D:1: 722 daAuts
     D:3: 317 daAuts
     D:4: 74 daAuts
